 Dungeon Crawl Stone Soup version 0.30-a0-715-gdb4ae3ece1 (webtiles) character file.

Game seed: 6392894578792092275

5528 M4edhros the Martial Artist (level 10, -6/68 HPs)
             Began as an Octopode Transmuter on Jan 24, 2023.
             Was a High Priest of Zin.
             Mangled by a yak (9 damage)
             ... on level 10 of the Dungeon.
             The game lasted 00:32:00 (5148 turns).

M4edhros the Martial Artist (Octopode Transmuter)   Turns: 5148, Time: 00:32:00

Health: -6/68      AC: 11    Str: 16    XL:     10   Next: 70%
Magic:  2/16       EV: 13    Int: 16    God:    Zin [*****.]
Gold:   425        SH:  0    Dex: 20    Spells: 2/17 levels left

rFire   + . .      SeeInvis +      - Unarmed
rCold   + + .      Faith    .    (no shield)
rNeg    . . .      Spirit   .    (helmet restricted)
rPois   +          Reflect  .    (no amulet)
rElec   +          Harm     .    h - +4 ring of protection
rCorr   .          Rampage  .    e - ring of the Monkey's Uncle {rElec rF+ Str+7 Dex-3 SInv}
Will    .....                    k - ring of protection from cold
Stlth   +++                      o - ring of flight
HPRegen 0.31/turn                r - ring of protection from cold
MPRegen 0.15/turn                w - ring of poison resistance
                                 x - ring of see invisible
                                 q - +6 ring of dexterity

@: ice-armoured, flying
A: almost no armour, amphibious, 8 rings, camouflage 1, gelatinous body 1,
(nimble swimmer 1), tentacles
a: Renounce Religion, Recite, Vitalisation, Imprison, Sanctuary, Donate Gold


You were on level 10 of the Dungeon.
You worshipped Zin.
Zin was extremely pleased with you.
You visited 2 branches of the dungeon, and saw 13 of its levels.
You also visited: Sewer.

You collected 577 gold pieces.
You spent 95 gold pieces at shops.
You donated 57 gold pieces to Zin.

Inventory:

Missiles
 f - 24 poisoned darts
 u - a throwing net
 v - 2 javelins
Jewellery
 e - the ring of the Monkey's Uncle (right tentacle) {rElec rF+ Str+7 Dex-3 SInv}
   (You acquired it on level 4 of the Dungeon)

   [ring of protection from fire]

   Str:       It affects your strength (+7).
   Dex:       It affects your dexterity (-3).
   rF:        It protects you from fire.
   rElec:     It insulates you from electricity.
   SInv:      It lets you see invisible.
 h - a +4 ring of protection (left tentacle)
 k - a ring of protection from cold (on tentacle)
 o - a ring of flight (on tentacle)
 q - a +6 ring of dexterity (on tentacle)
 r - a ring of protection from cold (on tentacle)
 w - a ring of poison resistance (on tentacle)
 x - a ring of see invisible (on tentacle)
Wands
 s - a wand of iceblast (5)
 t - a wand of quicksilver (12)
Scrolls
 a - a scroll of vulnerability
 c - 4 scrolls of blinking
 i - 9 scrolls of teleportation
 j - 2 scrolls of fear
 n - a scroll of enchant armour
 y - a scroll of magic mapping
 C - a scroll of enchant weapon {unknown}
 D - a scroll of fog
 G - a scroll of identify
Potions
 b - a potion of cancellation
 d - 7 potions of might
 g - a potion of resistance
 l - a potion of invisibility
 m - 5 potions of heal wounds
 p - 4 potions of curing
 z - 2 potions of attraction
 A - a potion of mutation {unknown}
 B - 2 potions of flight
 E - a potion of lignification
 F - a potion of haste


   Skills:
 - Level 6.2 Fighting
 - Level 2.0 Dodging
 - Level 10.0 Unarmed Combat
 - Level 4.0 Spellcasting
 - Level 6.1 Hexes
 - Level 2.0 Transmutations
 - Level 5.0 Ice Magic
 + Level 7.1 Poison Magic


You had 2 spell levels left.
You knew the following spells:

 Your Spells              Type           Power      Damage    Failure   Level
a - Beastly Appendage     Tmut           18%        N/A       8%          1
b - Ozocubu's Armour      Ice            19%        N/A       6%          3
c - Ice Form              Ice/Tmut       14%        N/A       36%         4
d - Tukima's Dance        Hex            22%        N/A       4%          3
e - Olgreb's Toxic Radia  Pois           26%        N/A       9%          4

Your spell library contained the following spells:

 Spells                   Type           Power      Damage    Failure   Level
 Sting                    Tmut/Pois      68%        1d6       2%          1
 Poisonous Vapours        Pois/Air       28%        N/A       6%          2
 Wereblood                Tmut           9%         N/A       11%         2
 Scorch                   Fire           6%         2d5       26%         2
 Spider Form              Tmut/Pois      17%        N/A       8%          3
 Portal Projectile        Hex/Tloc       26%        N/A       14%         3
 Hailstorm                Conj/Ice       11%        3d5       19%         3
 Metabolic Englaciation   Hex/Ice        10%        N/A       43%         5
 Flame Wave               Conj/Fire      3%         2d5       86%         4
 Blade Hands              Tmut           4%         N/A       90%         5
 Simulacrum               Ice/Necr       5%         N/A       100%        6
 Summon Cactus Giant      Summ           1%         N/A       100%        6


Dungeon Overview and Level Annotations

Branches:
Dungeon (12/15)            Temple (1/1) D:4             Orc (0/2) D:9
  Sewer (visited)
   Lair: D:8-11

Altars:
Ashenzari
Dithmenos
Elyvilon
Fedhas
Hepliaklqana
Kikubaaqudgha
Makhleb
Nemelex Xobeh
Okawaru
Qazlal
Ru
Sif Muna
Trog
Uskayaw
Vehumet
Wu Jian
Xom
Yredelemnul
Zin
The Shining One

Shops:
D:2 =   D:5 *=


Innate Abilities, Weirdness & Mutations

You cannot wear most types of armour.
You are amphibious.
You can wear up to eight rings at the same time.
Your skin changes colour to match your surroundings (Stealth+).
Your rubbery body absorbs attacks. (AC +1, EV +1)
((You are camouflaged when in or above water. (Stealth+)))
You have tentacles for arms and can constrict up to eight enemies at once.


Message History

The yak bellows!
You hear a bellow!
Casting: Olgreb's Toxic Radiance (dangerous; 11% risk of failure)
Confirm with . or Enter, or press ? or * to list all spells.
You begin to radiate toxic energy.
The yak bellows!
The yak is poisoned.
The yak bellows!
The yak is poisoned. x2; The yak looks even sicker. x2
The yak looks even sicker.
A yak comes into view.
The yak looks even sicker. x2; The yak is poisoned.
Your toxic aura wanes.
Casting: Olgreb's Toxic Radiance (dangerous; 11% risk of failure)
Confirm with . or Enter, or press ? or * to list all spells.
You begin to radiate toxic energy.
The yak looks even sicker.
The yak looks as sick as possible! x3
The yak looks as sick as possible! x2; The yak looks even sicker.
Your toxic aura wanes.
The yak attacks as you move away! The yak gores you.
Casting: Olgreb's Toxic Radiance (dangerous; 11% risk of failure)
Confirm with . or Enter, or press ? or * to list all spells.
You begin to radiate toxic energy.
The yak looks as sick as possible! x2
The yak looks even sicker.
The yak gores you! The yak attacks as you move away! The yak gores you!
The yak looks as sick as possible! x3
The yak attacks as you move away! The yak gores you!
The yak looks as sick as possible! x3
Your toxic aura wanes.
The yak attacks as you move away! The yak gores you.
The yak attacks as you move away! The yak gores you.
* * * LOW HITPOINT WARNING * * *
The yak attacks as you move away! The yak closely misses you.
You kill the yak!
Your Poison Magic skill increases to level 7!
Casting: Olgreb's Toxic Radiance (dangerous; 9% risk of failure)
Confirm with . or Enter, or press ? or * to list all spells.
A film of ice covers your body! The yak gores you!
* * * LOW HITPOINT WARNING * * *
The yak gores you!
You die...

###############
#.....>.......#
###...##......#
#...##<.....#
#...##......#
#...##......#
#...##......#
#...##.@....#
#...##.YY...#
###...##.†....###
#.....##.Y..........#
###...##............#
#............###..#
#............# ..
#..###.......# #..
#.......#


You could see 3 yaks.

Vanquished Creatures
  Grinder (Sewer)
  Sigmund (D:4)
  7 yaks
  A wyvern (D:9)
  3 steam dragons
  A water moccasin (D:8)
  An orc warrior (D:8)
  2 sky beasts
  3 black bears
  2 ice beasts (D:7)
  An ogre (D:7)
  A centaur (D:9)
  A phantom (D:6)
  2 kobold brigands
  5 bullfrogs
  3 scorpions
  3 necrophages
  5 wights
  5 killer bees (D:9)
  4 howler monkeys
  An electric eel (D:7)
  A jelly (D:6)
  A gnoll bouda (D:5)
  3 hounds
  3 orc priests
  Ijyb (D:3)
  6 iguanas
  5 orc wizards
  4 gnolls (D:5)
  5 adders
  A river rat (D:3)
  7 shadow imps
  2 white imps (D:5)
  6 ufetubi
  A worm (D:5)
  A dart slug (D:1)
  24 orcs
  11 endoplasms
  6 giant cockroaches
  4 hobgoblins
  6 jackals
  A quokka (D:3)
  7 ball pythons
  7 bats
  5 frilled lizards
  7 goblins
  20 kobolds
  4 rats
202 creatures vanquished.

Vanquished Creatures (collateral kills)
  An ogre (D:5)
  2 wights
  An iguana (D:7)
  A kobold (D:8)
5 creatures vanquished.

Vanquished Creatures (others)
  4 dancing weapons
  An adder (D:6)
  9 fungi (D:8)
  5 plants (D:8)
19 creatures vanquished.

Grand Total: 226 creatures vanquished

Notes
Turn   | Place    | Note
-------+----------+-------------------------------------------
     0 | D:1      | M4edhros the Octopode Transmuter began the quest for the
                  | Orb.
     0 | D:1      | Reached XP level 1. HP: 13/13 MP: 3/3
    55 | D:1      | Reached XP level 2. HP: 16/18 MP: 5/5
   813 | D:2      | Reached skill level 4 in Unarmed Combat
   824 | D:2      | Reached XP level 3. HP: 18/23 MP: 4/6
   917 | D:2      | Found Fecuef's Jewellery Emporium.
  1156 | D:3      | Reached XP level 4. HP: 21/28 MP: 5/7
  1166 | D:3      | Found a glowing drain.
  1170 | Sewer    | Entered a sewer
  1267 | Sewer    | Reached skill level 5 in Unarmed Combat
  1313 | Sewer    | Reached XP level 5. HP: 18/36 MP: 6/8
  1382 | Sewer    | Found an ancient bone altar of Kikubaaqudgha.
  1393 | Sewer    | Noticed Grinder
  1420 | Sewer    | Paralysed by Grinder for 5 turns
  1469 | Sewer    | Noticed a kobold brigand
  1488 | Sewer    | Killed a kobold brigand
  1489 | Sewer    | Reached XP level 6. HP: 7/44 MP: 9/9
  1643 | Sewer    | Reached skill level 5 in Fighting
  1652 | Sewer    | Paralysed by Grinder for 3 turns
  1662 | Sewer    | Killed Grinder
  1663 | Sewer    | Reached XP level 7. HP: 30/52 MP: 10/10
  1682 | Sewer    | Learned a level 3 spell: Ozocubu's Armour
  1687 | Sewer    | Learned a level 4 spell: Ice Form
  1718 | D:3      | Identified the +1 leather armour of the Heron {Rampage
                  | rPois Regen+ Int-5}
  1807 | D:3      | Found a sacrificial altar of Ru.
  1848 | D:4      | Identified a scroll of acquirement
  1848 | D:4      | Acquired the ring of the Monkey's Uncle {rElec rF+ Str+7
                  | Dex-3 SInv}
  1873 | D:4      | Reached skill level 1 in Ice Magic
  1912 | D:4      | Noticed Sigmund
  1922 | D:4      | Killed Sigmund
  1930 | D:4      | Found a broken altar of Ashenzari.
  1964 | D:4      | Found a staircase to the Ecumenical Temple.
  1974 | Temple   | Entered the Ecumenical Temple
  2005 | Temple   | Became a worshipper of Zin the Law-Giver
  2005 | Temple   | Reached * piety under Zin
  2068 | D:4      | Found a bloodstained altar of Trog.
  2089 | D:4      | Reached XP level 8. HP: 57/57 MP: 11/11
  2273 | D:3      | Noticed Ijyb
  2283 | D:3      | Killed Ijyb
  2324 | D:2      | Reached skill level 5 in Ice Magic
  2328 | D:2      | Learned a level 3 spell: Tukima's Dance
  2431 | D:4      | Reached ** piety under Zin
  2451 | D:4      | Found a glowing golden altar of the Shining One.
  2529 | D:3      | Reached skill level 1 in Hexes
  2585 | D:5      | Entered Level 5 of the Dungeon
  2589 | D:5      | Found Mujeef's Jewellery Boutique.
  2683 | D:5      | Found an ancient bone altar of Kikubaaqudgha.
  2684 | D:5      | Found a shimmering altar of Xom.
  2725 | D:5      | Found Wireurph's Assorted Antiques.
  2739 | D:5      | Bought a brass ring for 95 gold pieces
  2805 | D:5      | Found an ornate altar of the Wu Jian Council.
  2922 | D:6      | Found a blossoming altar of Fedhas.
  3004 | D:6      | Reached skill level 6 in Unarmed Combat
  3022 | D:6      | Reached skill level 5 in Hexes
  3022 | D:6      | Reached XP level 9. HP: 20/62 MP: 8/12
  3302 | D:6      | Reached *** piety under Zin
  3578 | D:7      | Reached skill level 7 in Unarmed Combat
  3590 | D:7      | HP: 1/62 [iguana (6)]
  3760 | D:7      | Reached **** piety under Zin
  3797 | D:7      | Reached skill level 8 in Unarmed Combat
  4104 | D:8      | Reached skill level 9 in Unarmed Combat
  4298 | D:8      | Identified the +3 scale mail of Hubris {Rampage rF+ rCorr}
  4393 | D:8      | Found a white marble altar of Elyvilon.
  4441 | D:8      | Reached XP level 10. HP: 68/68 MP: 11/15
  4513 | D:8      | Reached ***** piety under Zin
  4655 | D:9      | Learned a level 4 spell: Olgreb's Toxic Radiance
  4721 | D:9      | Found a stormy altar of Qazlal.
  4733 | D:9      | Reached skill level 1 in Poison Magic
  4787 | D:9      | Found a staircase to the Orcish Mines.
  4808 | D:9      | Reached skill level 10 in Unarmed Combat
  4857 | D:9      | Found a hazy altar of Hepliaklqana.
  4957 | D:9      | Found a radiant altar of Vehumet.
  4970 | D:9      | Reached skill level 5 in Poison Magic
  5046 | D:10     | Entered Level 10 of the Dungeon
  5052 | D:10     | You are sucked into a shaft and drop 2 floors!
  5148 | D:10     | HP: 3/68 [yak (13)]
  5148 | D:10     | Mangled by a yak

Illustrated notes

Levels and vault maps discovered:
D:1:      amcnicky_arrival_choice, layout_loops_ring, minmay_misc_feat_tower
D:2:      layout_rooms, serial_shops, nicolae_lakefront_shop,
          minmay_misc_feat_iff
D:3:      layout_loops_ring, nicolae_ru_path_of_blood, gup_sewer_entry_bowl,
          nicolae_kite_square_tiling_tiny, uniq_ijyb
D:4:      layout_rooms, lemuel_doored_altar, tso_altar, trog_ov_bears_minmay,
          temple_pool_b, uniq_sigmund
D:5:      layout_rooms, mainiacjoe_overflow_24_doors, nicolae_overflow_squiral,
          serial_shops, nicolae_shop_advertising_works
          [nicolae_subvault_shop_adworks], shop_statue, serial_rivers,
          chequers_serial_rivers_micro_e, chequers_serial_rivers_micro_c,
          chequers_serial_rivers_marsh, chequers_serial_rivers_small_b,
          chequers_serial_rivers_micro_d, chequers_serial_rivers_micro_e
D:6:      layout_basic, overflow_temple_1_default, minmay_crossroads
D:7:      layout_loops_ring, st_stairs_7, amethyst_killhole,
          kennysheep_cross_bottleneck
D:8:      layout_basic, lemuel_coloured_pillars_altar, elyvilon_altar_3,
          grunt_lair_entry_orc_guard_hut, grunt_decor_resistance
D:9:      layout_small_grid, nzn_hepliaklqana_mist_gate, vehumet_crystals,
          nicolae_qazlal_scattered_showers, orc_0_dummy
D:10:     layout_long_grid, nicolae_gozag_zags_fifth_avenue, uniq_gastronok
D:11:     layout_loops_ring, enter_trove_1
D:12:     layout_big_octagon, uniq_fannar
Temple:   hellmonk_temple_of_storms

Skill      XL: |  1  2  3  4  5  6  7  8  9 10 |
---------------+-------------------------------+-----
Unarmed Combat | 4 5 6 9 10 | 10.0
Fighting       | 3 4 6 |  6.2
Ice Magic      | 4 5 |  5.0
Hexes          | 5 6 |  6.1
Spellcasting   | 3 4 |  4.0
Poison Magic   | 7 |  7.1
Dodging        | |  2.0
Transmutations | |  2.0

Action                     |  1- 3 |  4- 6 |  7- 9 | 10-12 || total
---------------------------+-------+-------+-------+-------++-------
  Melee: Unarmed           |    86 |   100 |   283 |    97 ||   566
         Constrict         |    22 |    22 |    61 |    16 ||   121
         Tentacles         |    18 |    21 |    71 |    22 ||   132
         Kick              |     4 |    25 |     5 |       ||    34
         Punch             |     2 |     1 |    21 |     5 ||    29
   Cast: Beastly Appendage |     4 |    12 |     3 |       ||    19
         Tukima's Dance    |       |       |    18 |     3 ||    21
         Ozocubu's Armour  |       |       |    11 |     7 ||    18
         Olgreb's Toxic Ra |       |       |       |     6 ||     6
 Invoke: Recite            |       |       |       |     1 ||     1
         Vitalisation      |       |       |       |     1 ||     1
  Evoke: Wand              |       |       |     3 |       ||     3
    Use: Potion            |       |     3 |     7 |       ||    10
         Scroll            |       |       |    15 |       ||    15
   Stab: Sleeping          |     6 |     1 |     5 |     1 ||    13
         Distracted        |     1 |       |     1 |       ||     2
         Confused          |       |       |       |     1 ||     1
 Armour: Skin              |    21 |    35 |    76 |    47 ||   179
  Dodge: Dodged            |    48 |    84 |   151 |    95 ||   378

Table legend: (Time is in decaauts)
 A = Elapsed time spent in this place.
 B = Non-inter-level travel time spent in this place.
 C = Inter-level travel time spent in this place.
 D = Time resting spent in this place.
 E = Time spent auto-exploring this place.
 F = Levels seen in this place.
 G = Mean time per level.
                   A        B        C        D        E       F      G
               +--------+--------+--------+--------+--------+-----+--------+
         Total |   5058 |   4546 |    512 |    126 |    766 |  14 |  361.3 |
       Dungeon |   4503 |   4006 |    497 |      0 |    734 |  12 |  375.2 |
        Temple |     46 |     31 |     15 |      0 |      0 |   1 |   46.0 |
         Sewer |    507 |    507 |      0 |    126 |     32 |   1 |  507.0 |
               +--------+--------+--------+--------+--------+-----+--------+

Top non-repeatable levels by time:
     D:1: 816 daAuts
     D:7: 583 daAuts
     D:8: 546 daAuts
   Sewer: 507 daAuts
     D:5: 444 daAuts
     D:3: 419 daAuts
     D:6: 414 daAuts
     D:9: 408 daAuts
     D:2: 389 daAuts
     D:4: 381 daAuts
  Temple: 46 daAuts
    D:11: 44 daAuts
    D:10: 28 daAuts
    D:12: 27 daAuts
